 Dungeon Crawl Stone Soup version 0.17-a0-1642-gd4b747b (webtiles) character file.

135 karlkraus the Shield-Bearer (level 4, 0/41 HPs)
             Began as a Minotaur Fighter on Aug 9, 2015.
             Slain by a water moccasin (4 damage)
             ... on level 4 of the Dungeon.
             The game lasted 00:02:55 (1749 turns).

karlkraus the Shield-Bearer (Minotaur Fighter)      Turns: 1749, Time: 00:02:55

Health: 0/41       AC:  8    Str: 21    XL:     4   Next: 96%
Magic:  3/3        EV:  8    Int:  5    God:
Gold:   171        SH: 10    Dex: 10    Spells: 0 memorised, 3 levels left

rFire  . . .     SeeInvis .     a - +0 flail
rCold  . . .     Clarity  .     b - +0 scale mail
rNeg   . . .     SustAt   .     c - +0 shield
rPois  .         Gourm    .     (helmet restricted)
rElec  .         Spirit   .     (no cloak)
rCorr  .         Warding  .     n - +0 pair of gloves
rMut   .         Stasis   .     (no boots)
MR     .....                    (no amulet)
Stlth  ..........               (no ring)
                                (no ring)

@: lethally poisoned (0 -> -12), not resistant to hostile enchantments,
extremely unstealthy
A: retaliatory headbutt, horns 2
a: no special abilities


You were on level 4 of the Dungeon.
You were near starving.

You visited 1 branch of the dungeon, and saw 4 of its levels.

You collected 171 gold pieces.

Inventory:

Hand weapons
 a - a +0 flail (weapon)
Armour
 b - a +0 scale mail (worn)
 c - a +0 shield (worn)
 n - a +0 pair of gloves (worn)
Jewellery
 h - an uncursed amulet of regeneration {unknown}
Scrolls
 f - 8 scrolls of identify {unknown}
 g - 2 scrolls of remove curse {unknown}
 i - a scroll of enchant armour {unknown}
 l - 4 scrolls of noise {unknown}
 m - a scroll of blinking {unknown}
 r - a scroll of recharging {unknown}
 v - a scroll of random uselessness {unknown}
Potions
 d - 2 potions of might
 j - 4 potions of cure mutation {unknown}
 k - a potion of brilliance {unknown}
 p - a potion of cancellation {unknown}
 q - a potion of lignification {unknown}
 t - a potion of degeneration {unknown}
 w - a potion of poison {unknown}
Books
 u - a book of the Dragon

   Spells                             Type                      Level
   a - Flame Tongue                   Conjuration/Fire             1
   b - Cause Fear                     Hexes                        4
   c - Bolt of Fire                   Conjuration/Fire             6
   d - Dragon Form                    Transmutation                7
   e - Dragon's Call                  Summoning                    9
Comestibles
 e - 2 bread rations
 o - 2 fruits
 s - a beef jerky


   Skills:
 + Level 4.4 Fighting
 + Level 3.0 Maces & Flails
 + Level 4.6 Armour
 + Level 1.2 Dodging
 + Level 5.0 Shields


You had 3 spell levels left.
You didn't know any spells.

Dungeon Overview and Level Annotations

Branches:
Dungeon (4/15)
 Temple: D:4-7

Altars:
Elyvilon
Kikubaaqudgha


Innate Abilities, Weirdness & Mutations

You reflexively headbutt those who attack you in melee.
You have a pair of horns on your head.


Message History

You hit the water moccasin but do no damage.
The water moccasin is almost dead.
* * * LOW HITPOINT WARNING * * *
You feel sick.
The water moccasin bites you but does no damage.
The orc barely misses you. You furiously retaliate!
You headbutt the orc.
The water moccasin bites you but does no damage.
You sock the orc!
You kill the orc!
* * * LOW HITPOINT WARNING * * *
You feel sick. You block the water moccasin's attack.
The water moccasin closely misses you.
* * * LOW HITPOINT WARNING * * *
You feel sick. The water moccasin bites you.
* * * LOW HITPOINT WARNING * * *
You barely miss the water moccasin.
The water moccasin is almost dead.
* * * LOW HITPOINT WARNING * * *
You feel sick. The water moccasin bites you.
You die...

...... ......
.?..........
.<.......>. ..##....
#.##..# ##. #.....# ...
#...#.# .# ##.#.#.# .#
##..#..@# ## #..###)S#
.## #.## #.... ..# #.#
#......
.#########.####........
####.............######
###..###...#....##
#...####.##..##.#
................#


You could see a water moccasin.

Vanquished Creatures
  An orc wizard (D:3)
  An orc priest (D:3)
  A worm (D:2)
  4 orcs
  4 ball pythons (D:1)
  2 giant cockroaches
  5 goblins
  10 hobgoblins
  5 kobolds
  10 bats
  5 giant geckos
  5 giant newts
  11 rats
64 creatures vanquished.

Notes
Turn   | Place    | Note
--------------------------------------------------------------
     0 | D:1      | karlkraus the Minotaur Fighter began the quest for the Orb.
     0 | D:1      | Reached XP level 1. HP: 19/19 MP: 0/0
    90 | D:1      | Reached XP level 2. HP: 24/27 MP: 1/1
   133 | D:1      | Reached skill level 4 in Fighting
   563 | D:2      | Reached XP level 3. HP: 33/33 MP: 2/2
  1084 | D:3      | Reached skill level 1 in Dodging
  1084 | D:3      | Reached XP level 4. HP: 34/41 MP: 3/3
  1094 | D:3      | Found an ancient bone altar of Kikubaaqudgha.
  1409 | D:3      | Reached skill level 5 in Shields
  1577 | D:3      | Found a white marble altar of Elyvilon.
  1735 | D:4      | Noticed a water moccasin
  1749 | D:4      | Slain by a water moccasin

Vault maps used:
D:1:      dpeg_arrival_long_road
D:3:      lemuel_doored_altar, first_bread, elyvilon_altar_4
D:4:      uniq_eustachio, uniq_edmund

Action                   |  1- 3 |  4- 6 || total
-------------------------+-------+-------++-------
Melee: Flail             |   133 |    37 ||   170
  Eat: Chunk             |       |     1 ||     1
